 Dungeon Crawl Stone Soup version 0.30.0-15-g856e2d3f33 (webtiles) character file.

Game seed: 7343076413415674368

51 NateTC the Trooper (level 3, 0/31 HPs)
             Began as a Merfolk Fighter on May 19, 2023.
             Was a Follower of Nemelex Xobeh.
             Slain by a gnoll
             ... wielding a +0 spear
              (2 damage)
             ... on level 2 of the Dungeon.
             The game lasted 00:02:47 (911 turns).

NateTC the Trooper (Merfolk Fighter)                 Turns: 911, Time: 00:02:48

Health: 0/31       AC:  9    Str: 18    XL:     3   Next: 83%
Magic:  3/3        EV:  7    Int:  7    God:    Nemelex Xobeh [*.....]
Gold:   27         SH:  4    Dex: 13    Spells: 2/2 levels left

rFire   . . .        a - +0 long sword
rCold   . . .        c - +0 buckler
rNeg    . . .        j - +0 chain mail
rPois   +            (no helmet)
rElec   .            (no cloak)
rCorr   +            l - +0 pair of gloves
SInv    .            (no boots)
Will    .....        (no amulet) Stlth
                     g - ring of poison resistance
HPRegen 0.25/turn    h - ring of resist corrosion
MPRegen 0.08/turn

%: no passive effects
@: no status effects
A: (nimble swimmer 2), mertail
a: Renounce Religion, Draw Escape, Draw Destruction, Draw Summoning


You were on level 2 of the Dungeon.
You worshipped Nemelex Xobeh.
Nemelex Xobeh was aware of your devotion.
You visited 1 branch of the dungeon, and saw 2 of its levels.

You collected 27 gold pieces.

Inventory:

Hand Weapons
 a - a +0 long sword (weapon)
Armour
 c - a +0 buckler (worn)
 j - a +0 chain mail (worn)
 l - a +0 pair of gloves (worn)
Jewellery
 g - a ring of poison resistance (left hand)
 h - a ring of resist corrosion (right hand)
Scrolls
 f - a scroll of teleportation {unknown}
 k - a scroll of identify {unknown}
Potions
 b - 2 potions of lignification {unknown}
 d - a potion of might
 e - a potion of attraction {unknown}
 i - a potion of mutation {unknown}


   Skills:
 - Level 4.5 Fighting
 + Level 3.5 Long Blades
 - Level 2.1 Armour
 - Level 3.0 Shields


You had 2 spell levels left.
You didn't know any spells.
Your spell library was empty.

Dungeon Overview and Level Annotations

Branches:
Dungeon (2/15) Zot: 11057

Altars:
Nemelex Xobeh


Innate Abilities, Weirdness & Mutations

((You are very nimble when in or above water. (Stealth+, EV+, Speed+++)))
Your lower body shifts to a powerful aquatic tail in water.


Message History

You barely miss the bat. The bat hits you but does no damage. x2
The bat barely misses you.
You hit the bat.
You kill the bat!
The gnoll hits you from afar with a +0 spear.
The gnoll hits you but does no damage.
You closely miss the gnoll.
The gnoll is heavily wounded.
The gnoll hits you with a +0 whip. The gnoll barely misses you.
You are too injured to fight recklessly!
You are too injured to fight recklessly!
You are too injured to fight recklessly!
You are too injured to fight recklessly!
You are too injured to fight recklessly!
You are too injured to fight recklessly!
You are too injured to fight recklessly!
You are too injured to fight recklessly!
You are too injured to fight recklessly!
You hit the gnoll.
The gnoll is heavily wounded.
The gnoll hits you but does no damage. x2
You hit the gnoll.
You kill the gnoll!
The gnoll hits you but does no damage.
The gnoll hits you from afar with a +0 spear.
Training target 4.5 for Fighting reached!
The gnoll hits you but does no damage. The gnoll barely misses you.
Items here: ( ) ? ††.
You slash the gnoll!
The gnoll is heavily wounded.
The gnoll hits you with a +0 spear. You block the gnoll's attack.
You hit the gnoll.
The gnoll is almost dead.
The gnoll hits you with a +0 spear.
* * * LOW HITPOINT WARNING * * *
The gnoll hits you from afar with a +0 halberd!
* * * LOW HITPOINT WARNING * * *
The gnoll attacks as you move away! The gnoll hits you with a +0 spear.
You die...
Your body disappears without a glow.

##### #############.....
#########.....@gg.....#
###.........#..###r.....#
....#########.##
######....... #.......#
##.# ....###
#.......####..# # .##..#
#.......##...## #.. ##
..# #.......##.####... .#
#.......##.#....# >
#.......#....#


You could see 2 gnolls and a quokka.

Vanquished Creatures
  A gnoll (D:2)
  A worm (D:1)
  4 dart slugs (D:1)
  5 bats
  3 endoplasms (D:1)
  3 giant cockroaches (D:1)
  5 goblins (D:1)
  2 hobgoblins (D:1)
  2 ball pythons (D:1)
  A frilled lizard (D:1)
  2 rats (D:1)
29 creatures vanquished.

Notes
Turn   | Place    | Note
-------+----------+-------------------------------------------
     0 | D:1      | NateTC the Merfolk Fighter began the quest for the Orb.
     0 | D:1      | Reached XP level 1. HP: 18/18 MP: 1/1
    78 | D:1      | Reached XP level 2. HP: 24/25 MP: 2/2
   241 | D:1      | Found a faded altar of an unknown god.
   321 | D:1      | Prayed at the altar of an unknown god.
   321 | D:1      | Became a worshipper of Nemelex Xobeh the Trickster
   321 | D:1      | Reached * piety under Nemelex Xobeh
   321 | D:1      | Received a gift from Nemelex Xobeh
   398 | D:1      | Reached skill level 4 in Fighting
   449 | D:1      | Reached XP level 3. HP: 26/30 MP: 3/3
   911 | D:2      | Slain by a gnoll

Illustrated notes

Levels and vault maps discovered:
D:1:      onia_arrival_pentagram, layout_basic,
          shapermc_ecumenical_altar_flowoftime, minmay_misc_feat_chi,
          minmay_misc_feat_doors
D:2:      layout_rooms

Skill      XL: |  1  2 |
---------------+-------+-----
Fighting       | 4 |  4.5
Long Blades    | 3 |  3.5
Armour         | |  2.1
Shields        | |  3.0

Action                     || total
---------------------------++-------
  Melee: Long sword        ||    98
 Armour: Scale mail        ||    32
         Chain mail        ||    38
  Dodge: Dodged            ||    44
  Block: Buckler           ||    19
